 Dungeon Crawl Stone Soup version 0.27-a0-1105-g946c659c87 (webtiles) character file.

Game seed: 15647499158910073995

37 siradein the Cutter (level 3, 0/28 HPs)
             Began as a Vampire Gladiator on Apr 30, 2021.
             Killed from afar by a white imp (8 damage)
             ... with a puff of frost
             ... on level 2 of the Dungeon.
             The game lasted 00:02:16 (1274 turns).

siradein the Cutter (Vampire Gladiator)             Turns: 1274, Time: 00:02:16

Health: 0/28       AC:  4    Str: 13    XL:     3   Next: 21%
Magic:  3/3        EV: 12    Int: 10    God:
Gold:   122        SH:  0    Dex: 16    Spells: 2/2 levels left

rFire    . . .     SeeInvis +   a - +0 rapier
rCold    . . .     Faith    .   (no shield)
rNeg     . . .     Spirit   .   b - +0 leather armour
rPois    .         Reflect  .   c - +0 helmet
rElec    .         Harm     .   (no cloak)
rCorr    .         Rampage  .   (no gloves)
Will     .....                  (no boots)
Stlth    +.........             (no amulet)
HPRegen  0.29/turn              (no ring)
MPRegen  0.08/turn              (no ring)

@: healing quickly
A: alive, fangs 3, see invisible, unbreathing 1, vampiric 2
a: Exsanguinate


You were on level 2 of the Dungeon.
You visited 1 branch of the dungeon, and saw 2 of its levels.

You collected 122 gold pieces.

Inventory:

Hand Weapons
 a - a +0 rapier (weapon)
 e - a +0 hunting sling
Missiles
 d - 3 throwing nets (quivered)
 f - 7 atropa-tipped darts
 q - 26 sling bullets
Armour
 b - a +0 leather armour (worn)
 c - a +0 helmet (worn)
Scrolls
 g - 2 scrolls of teleportation {unknown}
 k - a scroll of identify {unknown}
 l - a scroll of brand weapon {unknown}
 n - a scroll of acquirement {unknown}
Potions
 h - 2 potions of curing {unknown}
 j - a potion of lignification {unknown}
 m - a potion of cancellation {unknown}
 o - a potion of might {unknown}
 p - 2 potions of magic {unknown}


   Skills:
 + Level 2.6 Fighting
 + Level 4.1 Short Blades
 - Level 1.5 Throwing
 - Level 3.2 Dodging


You had 2 spell levels left.
You didn't know any spells.
Your spell library contained the following spells:

 Spells                   Type           Power      Damage    Failure   Level
 Animate Skeleton         Necr           0%         N/A       43%         1
 Apportation              Tloc           0%         N/A       43%         1
 Corona                   Hex            0%         N/A       43%         1
 Summon Small Mammal      Summ           0%         N/A       43%         1
 Call Imp                 Summ           0%         N/A       58%         2
 Call Canine Familiar     Summ           0%         N/A       82%         3
 Summon Guardian Golem    Hex/Summ       0%         N/A       82%         3
 Summon Ice Beast         Ice/Summ       0%         N/A       99%         4
 Summon Lightning Spire   Summ/Air       0%         N/A       99%         4


Dungeon Overview and Level Annotations

Branches:
Dungeon (2/15)

Altars:
Makhleb


Innate Abilities, Weirdness & Mutations

Your natural rate of healing is accelerated.
You have razor-sharp teeth.
You have supernaturally acute eyesight. (SInv)
You can survive without breathing.
You are afflicted with vampirism and can become a bat while bloodless.


Message History

Fire: 3 stones
Press: ? - help, Q - select action, (/) - cycle Shift-Dir - straight line, f - white imp
Aim: a white imp (asleep, 98% to hit)
You shoot a stone. The stone hits the white imp.
The white imp shouts!
The white imp is heavily wounded.
Fire: 2 stones
Press: ? - help, Q - select action, (/) - cycle Shift-Dir - straight line, f/p - white imp
Aim: a white imp (heavily wounded, 60% to hit)
You shoot a stone. The stone hits the white imp.
The white imp is severely wounded.
Fire: stone
Press: ? - help, Q - select action, (/) - cycle Shift-Dir - straight line, f/p - white imp
Aim: a white imp (severely wounded, 60% to hit)
You shoot a stone. The stone closely misses the white imp.
a - a +0 rapier (weapon)
You barely miss the white imp.
The white imp is severely wounded.
The white imp closely misses you.
You hit the white imp.
The white imp is almost dead.
The white imp gestures at you. The puff of frost hits you!
You hit the white imp but do no damage.
The white imp is almost dead.
The white imp gestures at you. The puff of frost hits you!
* * * LOW HITPOINT WARNING * * *
You are too injured to fight recklessly!
You are too injured to fight recklessly!
You are too injured to fight recklessly!
You are too injured to fight recklessly!
You hit the white imp but do no damage.
The white imp is almost dead.
The white imp closely misses you.
You barely miss the white imp.
The white imp is almost dead.
The white imp gestures at you. The puff of frost hits you!
You die...

# .#. # .(( # #(#
#.##### ..#
#...... #.#
####### #.#
....... #5#
...>... #@#
####### #.# #.#
#.###############
#.##............#
#.##.##########.##
#.##.# #... #....#
#### ######


You could see a white imp.

Vanquished Creatures
  An adder (D:2)
  3 ball pythons
  3 endoplasms
  3 giant cockroaches
  A hobgoblin (D:1)
  3 jackals (D:2)
  A quokka (D:2)
  4 bats
  A frilled lizard (D:1)
  3 kobolds
  3 rats
26 creatures vanquished.

Notes
Turn   | Place    | Note
-------+----------+-------------------------------------------
     0 | D:1      | siradein the Vampire Gladiator began the quest for the Orb.
     0 | D:1      | Reached XP level 1. HP: 16/16 MP: 1/1
   351 | D:1      | Reached XP level 2. HP: 20/22 MP: 2/2
   748 | D:2      | Reached skill level 4 in Short Blades
   829 | D:2      | Gained mutation: You are afflicted with vampirism and can
                  | become a bat while bloodless. [Vampire growth]
   829 | D:2      | Reached XP level 3. HP: 28/28 MP: 3/3
   949 | D:2      | Found a burning altar of Makhleb.
  1274 | D:2      | Killed from afar by a white imp

Illustrated notes

Levels and vault maps discovered:
D:1:      lemuel_arrival_funnel, layout_loops_cross, amethyst_killhole,
          minmay_misc_feat_iff
D:2:      layout_loops_ring, basic_altar, uniq_crazy_yiuf_cottage

Skill      XL: |  1  2 |
---------------+-------+-----
Fighting       | 2 |  2.6
Short Blades   | 4 |  4.1
Throwing       | |  1.5
Dodging        | |  3.2

Action                   || total
-------------------------++-------
Melee: Rapier            ||    96
       Bite              ||     6
 Fire: Hunting sling     ||     3
 Stab: Sleeping          ||     1
Armor: Leather armour    ||    26
Dodge: Dodged            ||    62

Table legend: (Time is in decaauts)
 A = Elapsed time spent in this place.
 B = Non-inter-level travel time spent in this place.
 C = Inter-level travel time spent in this place.
 D = Time resting spent in this place.
 E = Time spent auto-exploring this place.
 F = Levels seen in this place.
 G = Mean time per level.
                   A        B        C        D        E       F      G
               +--------+--------+--------+--------+--------+-----+--------+
         Total |   1274 |   1260 |     14 |      0 |   1041 |   2 |  637.0 |
       Dungeon |   1274 |   1260 |     14 |      0 |   1041 |   2 |  637.0 |
               +--------+--------+--------+--------+--------+-----+--------+

Top non-repeatable levels by time:
     D:1: 674 daAuts
     D:2: 600 daAuts
